 Dungeon Crawl Stone Soup version 0.23.1 (webtiles) character file.

Game seed: 8330753876353398909

479 Borgoz the Sneak (level 7, -6/50 HPs)
             Began as a Ghoul Enchanter on Mar 5, 2019.
             Mangled by a scorpion (9 damage)
             ... on level 5 of the Dungeon.
             The game lasted 00:10:58 (3865 turns).

Borgoz the Sneak (Ghoul Enchanter)                  Turns: 3865, Time: 00:10:59

Health: -6/50      AC:  6    Str: 16 (17) XL:     7   Next: 11%
Magic:  1/8        EV: 12    Int: 10 (11) God:
Gold:   258        SH:  0    Dex:  8 (10) Spells: 6/9 levels left

rFire    . . .     SeeInvis .   y - +1 rapier
rCold    + . .     Gourm    .   (no shield)
rNeg     + + +     Faith    .   n - +0 leather armour
rPois    ∞         Spirit   .   b - +0 helmet
rElec    .         Reflect  .   (no cloak)
rCorr    .         Harm     .   h - +1 pair of gloves
MR       .....                  (no boots)
Stlth    ++........             (no amulet)
HPRegen  0.00/turn              (no ring)
MPRegen  0.11/turn              (no ring)

@: mighty, very slightly contaminated, rotting
A: rotting body, claws 1, carnivore, cold resistance 1, negative energy
resistance 3, inhibited regeneration, torment resistance, unbreathing
a: no special abilities


You were on level 5 of the Dungeon.
You were not hungry.

You visited 1 branch of the dungeon, and saw 5 of its levels.

You collected 258 gold pieces.

Inventory:

Hand Weapons
 y - a +1 rapier (weapon)
Missiles
 s - 2 curare-tipped needles
Armour
 b - a +0 helmet (worn)
 h - a +1 pair of gloves (worn)
 n - a +0 leather armour (worn)
Scrolls
 f - a scroll of magic mapping
 g - a scroll of fog
Potions
 e - a potion of resistance
 j - 2 potions of cancellation
Comestibles
 d - 6 rations


   Skills:
 * Level 3.4 Short Blades
 + Level 2.1 Armour
 * Level 3.9 Dodging
 + Level 4.5 Stealth
 - Level 1.7 Spellcasting
 + Level 3.3 Hexes


You had 6 spell levels left.
You knew the following spells:

 Your Spells              Type           Power        Failure   Level  Hunger
a - Corona                Hex            #......      10%         1    ##.....
b - Ensorcelled Hibernat  Hex/Ice        #.....       30%         2    ###....

Your spell library contained the following spells:

 Spells                   Type           Power        Failure   Level  Hunger
 Confuse                  Hex            #.......     30%         3    ####...
 Tukima's Dance           Hex            #.......     30%         3    ####...
 Dazzling Spray           Conj/Hex       #.....       52%         3    ####...


Dungeon Overview and Level Annotations

Branches:
Dungeon (5/15)
 Temple: D:4-7

Altars:
Makhleb


Innate Abilities, Weirdness & Mutations

Your body is rotting away.
You thrive on raw meat.
You are immune to poison.
You have sharp fingernails.
You are carnivorous and can eat meat at any time.
Your flesh is cold resistant. (rC+)
You are immune to negative energy. (rN+++)
You do not regenerate when monsters are visible.
You are immune to unholy pain and torment.
You can survive without breathing.


Message History

Press: ? - help, Shift-Dir - straight line, f/p - scorpion
Aim: a scorpion (severely wounded, chance to defeat MR: 36%)
You miscast Ensorcelled Hibernation.
You shiver with cold.
The scorpion stings you!
* * * LOW HITPOINT WARNING * * *
You hit the scorpion.
The scorpion is severely wounded.
The scorpion stings you!
* * * LOW HITPOINT WARNING * * *
It was a potion of degeneration.
There was something very wrong with that liquid.
You feel weakened.
You feel dopey.
You feel clumsy. The scorpion barely misses you.
You feel very mighty all of a sudden. The scorpion stings you.
* * * LOW HITPOINT WARNING * * *
You closely miss the scorpion.
The scorpion is severely wounded.
The scorpion stings you!
You die...

###### .....# #####
.....# .... .....# ..<.
.....### ## #..#
'#.....# ###.##..##
.#.....# +........#
.+.....# #.....s..+
+#.....# #####@.#
..###'######..##..##..#
..#......#[...........#
..#......#............#
..########............#
.........#............#
##.......#'#####+###..#
#...........# ..#
#...........# .#


You could see a scorpion.

Vanquished Creatures
  A phantom (D:4)
  An ogre (D:4)
  A jelly (D:5)
  Jessica (D:2)
  A hound zombie (D:5)
  4 gnolls
  6 adders
  An ooze (D:2)
  2 worms (D:2)
  2 dart slugs
  4 leopard geckos
  10 orcs (D:3)
  2 ball pythons
  5 bats
  7 giant cockroaches
  16 goblins
  12 hobgoblins
  13 jackals
  10 kobolds
  3 quokkas
  6 frilled lizards
  A quokka zombie (D:5)
  7 rats
116 creatures vanquished.

Notes
Turn   | Place    | Note
-------+----------+-------------------------------------------
     0 | D:1      | Borgoz the Ghoul Enchanter began the quest for the Orb.
     0 | D:1      | Reached XP level 1. HP: 14/14 MP: 2/2
    15 | D:1      | Reached skill level 1 in Short Blades
   167 | D:1      | Reached XP level 2. HP: 10/20 MP: 0/3
   256 | D:1      | Learned a level 2 spell: Ensorcelled Hibernation
   348 | D:1      | Reached XP level 3. HP: 21/26 MP: 4/4
  1050 | D:2      | Noticed Jessica
  1060 | D:2      | Killed Jessica
  1060 | D:2      | Reached skill level 1 in Armour
  1060 | D:2      | Reached XP level 4. HP: 25/33 MP: 0/5
  1832 | D:2      | Reached XP level 5. HP: 35/38 MP: 2/6
  1989 | D:2      | Reached skill level 4 in Stealth
  2795 | D:3      | Reached XP level 6. HP: 26/45 MP: 7/7
  2860 | D:4      | Got a faintly glowing scale mail
  3240 | D:3      | Identified the cursed +0 scale mail of Surprise {rC+ MR-
                  | Str+4 Stlth-} (You found it on level 4 of the Dungeon)
  3317 | D:4      | Noticed a phantom
  3337 | D:4      | Killed a phantom
  3504 | D:4      | Reached XP level 7. HP: 41/49 MP: 5/8
  3589 | D:4      | You fall through a shaft!
  3589 | D:5      | Entered Level 5 of the Dungeon
  3753 | D:5      | Found a burning altar of Makhleb.
  3865 | D:5      | Mangled by a scorpion

Skill      XL: |  1  2  3  4  5  6 |
---------------+-------------------+-----
Short Blades   | 1 2 3 |  3.4
Dodging        | 2 3 |  3.9
Armour         | 1 2 |  2.1
Stealth        | 4 |  4.5
Hexes          | 3 |  3.3
Spellcasting   | |  1.7

Action                   |  1- 3 |  4- 6 |  7- 9 || total
-------------------------+-------+-------+-------++-------
Melee: Dagger            |   130 |   379 |       ||   509
       Rapier            |       |    30 |    33 ||    63
 Cast: Corona            |     6 |     3 |       ||     9
       Ensorcelled Hiber |     4 |    18 |       ||    22
  Use: Scroll            |       |     9 |     5 ||    14
       Potion            |       |       |     3 ||     3
 Stab: Distracted        |     3 |       |       ||     3
       Sleeping          |     2 |    14 |     1 ||    17
  Eat: Chunk             |    15 |    25 |       ||    40
Armor: Robe              |    28 |       |       ||    28
       Leather armour    |     1 |   101 |     8 ||   110
       Scale mail        |       |    11 |     2 ||    13
Dodge: Dodged            |    71 |   245 |    17 ||   333
